 Dungeon Crawl Stone Soup version 0.30.0-29-ga12c61a403 (webtiles) character file.

Game seed: 5460771186177204436

2243 ChadusMaximus the Summoner (level 9, -3/51 HPs)
             Began as a Barachi Summoner on June 23, 2023.
             Was a Believer of Hepliaklqana.
             Slain by a gnoll
             ... wielding a +0 whip
             ... led by a gnoll sergeant
              (4 damage)
             ... on level 8 of the Dungeon.
             The game lasted 00:11:48 (6970 turns).

ChadusMaximus the Summoner (Barachi Summoner)       Turns: 6970, Time: 00:11:50

Health: -3/51      AC:  4    Str: 11    XL:     9   Next: 37%
Magic:  38/38      EV: 12    Int: 19    God:    Hepliaklqana [**....]
Gold:   459        SH:  0    Dex: 12    Spells: 12/22 levels left

rFire   . . .        r - +2 short sword (drain)
rCold   . . .        (no shield)
rNeg    . . .        a - +0 robe
rPois   .            (no helmet)
rElec   .            (no cloak)
rCorr   .            k - +0 pair of gloves
SInv    .            u - +0 pair of boots
Will    .....        s - amulet of the acrobat
Stlth   ++           e - ring of magical power
HPRegen 0.28/turn    o - ring of magical power
MPRegen 0.26/turn

%: acrobat
@: lethally poisoned (-3 -> -26), unable to hop, slow
A: reduced essence, amphibious, slowness 1, strong legs 1, +LOS
a: Hop, Renounce Religion, Recall Ancestor, Ancestor Identity


You were on level 8 of the Dungeon.
You worshipped Hepliaklqana.
Hepliaklqana was pleased with you.
You visited 1 branch of the dungeon, and saw 8 of its levels.

You collected 459 gold pieces.

Inventory:

Hand Weapons
 c - a +0 club
 d - a +0 short sword
 r - a +2 short sword of draining (weapon)
 E - the +4 flail of Chagrin {freeze, rPois rF+ MP-9 SInv}
   (You found it on level 4 of the Dungeon)

   rF:        It protects you from fire.
   rPois:     It protects you from poison.
   MP:        It affects your magic capacity (-9).
   SInv:      It lets you see invisible.
Armour
 a - a +0 robe (worn)
 k - a +0 pair of gloves (worn)
 u - a +0 pair of boots (worn)
Jewellery
 e - a ring of magical power (left hand)
 n - a ring of ice
 o - a ring of magical power (right hand)
 s - an amulet of the acrobat (around neck)
 y - a ring of willpower
 z - a ring of protection from cold
Wands
 F - a wand of iceblast (8)
 H - a wand of flame (15)
 J - a wand of digging (1)
Scrolls
 f - 12 scrolls of identify {unknown}
 h - 3 scrolls of noise {unknown}
 i - a scroll of fear {unknown}
 j - 2 scrolls of immolation {unknown}
 l - 3 scrolls of fog {unknown}
 p - 5 scrolls of teleportation {unknown}
 t - a scroll of brand weapon {unknown}
 w - 2 scrolls of enchant armour {unknown}
 A - 2 scrolls of magic mapping {unknown}
 B - 4 scrolls of amnesia {unknown}
 G - a scroll of blinking {unknown}
Potions
 b - 2 potions of magic
 g - 10 potions of curing {unknown}
 m - 3 potions of mutation {unknown}
 q - a potion of degeneration {unknown}
 v - 2 potions of berserk rage {unknown}
 x - 4 potions of heal wounds {unknown}
 C - a potion of lignification {unknown}
 D - 2 potions of haste {unknown}
 I - 2 potions of flight {unknown}


   Skills:
 - Level 2.3 Dodging
 - Level 2.0 Stealth
 + Level 7.3 Spellcasting
 * Level 12.6 Summonings


You had 12 spell levels left.
You knew the following spells:

 Your Spells              Type           Power      Damage    Failure   Level
a - Summon Small Mammal   Summ           100%       N/A       1%          1
b - Call Imp              Summ           100%       N/A       1%          2
c - Call Canine Familiar  Summ           53%        N/A       1%          3
d - Summon Lightning Spi  Summ/Air       31%        N/A       7%          4

Your spell library contained the following spells:

 Spells                   Type           Power      Damage    Failure   Level
 Summon Guardian Golem    Hex/Summ       31%        N/A       2%          3
 Beastly Appendage        Tmut           12%        N/A       10%         1
 Wereblood                Tmut           6%         N/A       14%         2
 Dazzling Flash           Conj/Hex       12%        N/A       28%         3
 Spider Form              Tmut/Pois      6%         N/A       28%         3
 Volatile Blastmotes      Fire/Tloc      12%        2d11      28%         3
 Iskenderun's Mystic Bla  Conj/Tloc      6%         2d4       67%         4
 Starburst                Conj/Fire      3%         6d3       100%        6


Dungeon Overview and Level Annotations

Branches:
Dungeon (8/15)             Temple (0/1) D:5
   Lair: D:8-11

Altars:
Elyvilon
Gozag
Hepliaklqana
Kikubaaqudgha
Uskayaw
Xom
Yredelemnul
Zin


Innate Abilities, Weirdness & Mutations

Your life essence is reduced to manifest your ancestor. (-10% HP)
You are amphibious.
You cover ground slowly.
You can hop short distances.
You have an extended range of vision and can be seen from far away.


Message History

Casting: Call Imp (safe; 1% risk of failure)
Confirm with . or Enter, or press ? or * to list all spells.
Your cerulean imp hits the gnoll with a +1 spear.
The gnoll barely misses your cerulean imp.
Ayize closely misses the gnoll.
Your cerulean imp hits the gnoll with a +1 spear.
The gnoll dies!
Ayize hits the gnoll with a +0 flail!
Your cerulean imp hits the gnoll with a +1 spear.
The gnoll dies!
You are no longer corroded.
You start resting.
Magic restored.
You start resting.
You are ready to hop once more.
You start resting.
HP restored.
You swap places.
Things that are here:
a +0 club; a +0 whip; a gnoll corpse
There is a stone staircase leading down here.
Things that are here:
a +0 scale mail; a +0 hand axe You climb downwards.
Your summoned allies are left behind.
The gnoll misses you.
The gnoll sergeant hits you from afar with a +2 trident of venom!
You are poisoned.
The gnoll hits you with a +0 whip!
The gnoll sergeant hits you from afar with a +2 trident of venom!!
* * * LOW HITPOINT WARNING * * *
You are more poisoned.
There is a stone staircase leading up, spattered with blood here.
Hop to where?
Press: ? - help, Dir - move target Boing!
* * * LOW HITPOINT WARNING * * *
You feel extremely sick.
The gnoll sergeant completely misses Ayize.
The gnoll hits you with a +0 whip.
You die...

### ..# .... ...##.
. #... ..... ..#...
#...### .......
....... .......
#..#....
#......##........
###..####.<[...>...
..........@.....##.
.....###..☼g###.#
.....#...R..# ##
........g...# #..
.......####.g
....##.....$.. ...
#.<......gg ....
#.#J....... ...##
#. ........ ...#


You could see the friendly Ayize the knight, a gnoll sergeant (ally target) and
2 gnolls.

Vanquished Creatures
  A water moccasin (D:5)
  An ice beast (D:5)
  A black bear (D:7)
  2 bullfrogs (D:7)
  A wight (D:7)
  2 hounds
  2 jellies
  2 iguanas
  An orc wizard (D:6)
  3 adders
  An ufetubus (D:5)
  An adder zombie (D:3)
  2 worms
  12 orcs
  11 ball pythons
  4 bats
  3 endoplasms
  10 giant cockroaches
  4 goblins
  7 hobgoblins
  2 jackals
  6 kobolds
  3 quokkas
  A giant cockroach zombie (D:3)
  2 rats
85 creatures vanquished.

Vanquished Creatures (collateral kills)
  Edmund (D:5)
  A water moccasin (D:7)
  An ice beast (D:5)
  A black bear (D:4)
  2 ogres (D:7)
  2 orc warriors (D:7)
  2 phantoms
  2 scorpions (D:5)
  3 wights (D:7)
  A hound (D:5)
  An orc priest (D:5)
  3 jellies
  2 iguanas
  An orc wizard (D:8)
  2 gnolls (D:7)
  2 white imps (D:7)
  A dart slug (D:2)
  12 orcs
  2 ball pythons
  A bat (D:2)
  An endoplasm (D:1)
  4 giant cockroaches
  A goblin (D:2)
  A hobgoblin (D:4)
  4 jackals
  A quokka (D:2)
  2 frilled lizards
  7 kobolds
  2 rats
66 creatures vanquished.

Grand Total: 151 creatures vanquished

Notes
Turn   | Place    | Note
-------+----------+-------------------------------------------
     0 | D:1      | ChadusMaximus the Barachi Summoner began the quest for the
                  | Orb.
     0 | D:1      | Reached XP level 1. HP: 13/13 MP: 3/3
   193 | D:1      | Reached XP level 2. HP: 19/19 MP: 5/5
   198 | D:1      | Reached skill level 5 in Summonings
   702 | D:1      | Reached XP level 3. HP: 24/24 MP: 6/6
   786 | D:1      | Learned a level 2 spell: Call Imp
   790 | D:1      | Learned a level 3 spell: Call Canine Familiar
   873 | D:2      | Found a faded altar of an unknown god.
  1474 | D:3      | Reached skill level 6 in Summonings
  1474 | D:3      | Reached XP level 4. HP: 22/30 MP: 8/8
  1681 | D:3      | Found a hide-covered altar of Uskayaw.
  1887 | D:3      | Found a hazy altar of Hepliaklqana.
  2111 | D:3      | Became a worshipper of Hepliaklqana the Forgotten
  2391 | D:3      | Found a basalt altar of Yredelemnul.
  2633 | D:4      | Reached XP level 5. HP: 32/35 MP: 9/9
  2667 | D:4      | Noticed a phantom
  2687 | D:4      | Killed a phantom
  2688 | D:4      | Reached skill level 7 in Summonings
  2932 | D:4      | Noticed a black bear
  2949 | D:4      | Killed a black bear
  2950 | D:4      | Reached XP level 6. HP: 41/41 MP: 12/12
  3144 | D:4      | Identified the +4 flail of Chagrin {freeze, rPois rF+ MP-9
                  | SInv}
  3510 | D:4      | Reached * piety under Hepliaklqana
  3575 | D:5      | Entered Level 5 of the Dungeon
  3576 | D:5      | Noticed a water moccasin
  3592 | D:5      | Killed a water moccasin
  3593 | D:5      | Reached skill level 8 in Summonings
  3639 | D:5      | Found a white marble altar of Elyvilon.
  3642 | D:5      | Reached XP level 7. HP: 41/41 MP: 13/13
  3674 | D:5      | Noticed Edmund
  3716 | D:5      | Killed Edmund
  3717 | D:5      | Reached skill level 5 in Spellcasting
  3717 | D:5      | Reached skill level 9 in Summonings
  3994 | D:5      | Reached XP level 8. HP: 46/46 MP: 16/16
  4079 | D:5      | Found a staircase to the Ecumenical Temple.
  4085 | D:5      | Learned a level 4 spell: Summon Lightning Spire
  4249 | D:5      | Reached skill level 10 in Summonings
  4472 | D:5      | Found a shimmering altar of Xom.
  4703 | D:5      | Found a glowing silver altar of Zin.
  4747 | D:5      | Found an opulent altar of Gozag.
  5271 | D:6      | Reached ** piety under Hepliaklqana
  5413 | D:6      | Found an ancient bone altar of Kikubaaqudgha.
  5768 | D:7      | Reached skill level 11 in Summonings
  6192 | D:7      | Reached XP level 9. HP: 44/51 MP: 19/19
  6254 | D:7      | Remembered your ancestor Ayize as a knight
  6260 | D:7      | Reached skill level 12 in Summonings
  6633 | D:7      | HP: 2/51 [orc warrior/+0 glaive (18)]
  6970 | D:8      | HP: 1/51 [poisoned by a gnoll sergeant]
  6970 | D:8      | Slain by a gnoll

Illustrated notes

Levels and vault maps discovered:
D:1:      dpeg_arrival_rooms_with_view, layout_rooms, grunt_decor_arrowhead,
          hangedman_decor_push
D:2:      layout_rooms, ebering_ecumenical_altar_box
D:3:      minmay_roachtagon, layout_basic, nicolae_overflow_crystal_walls,
          lemuel_zombie_altar_yredelemnul, nicolae_hepliaklqana_hazy_memory,
          hangedman_decor_opposing, st_stairs_13, guppyfry_early_orc_mine
D:4:      layout_basic
D:5:      layout_loops_cross, pdpol_temple_overflow_zin_treasury_gozag_greed,
          nicolae_elyvilon_temple_path, dk_xom_monty_hall,
          minmay_temple_entry_mist, uniq_edmund
D:6:      layout_basic, lemuel_doored_altar
D:7:      layout_rooms
D:8:      layout_rooms, lemuel_coloured_pillars_altar

Skill      XL: |  1  2  3  4  5  6  7  8  9 |
---------------+----------------------------+-----
Stealth        | 2 |  2.0
Summonings     | 5 6 7 8 9 11 12 | 12.6
Spellcasting   | 3 4 5 6 7 |  7.3
Dodging        | |  2.3

Action                     |  1- 3 |  4- 6 |  7- 9 || total
---------------------------+-------+-------+-------++-------
  Melee: Unarmed           |    14 |       |       ||    14
         Short sword       |   121 |   159 |   145 ||   425
         Punch             |       |     2 |     3 ||     5
   Cast: Summon Small Mamm |    16 |     3 |     8 ||    27
         Call Canine Famil |     4 |     5 |    20 ||    29
         Call Imp          |     1 |     7 |    22 ||    30
 Invoke: Recall Ancestor   |       |       |     1 ||     1
         Ancestor Life: Kn |       |       |     1 ||     1
Ability: Hop               |     1 |       |     2 ||     3
   Stab: Distracted        |     1 |       |     1 ||     2
         Sleeping          |     2 |     3 |     2 ||     7
 Armour: Robe              |    42 |    37 |    34 ||   113
  Dodge: Dodged            |   129 |   115 |   134 ||   378
